 Dungeon Crawl Stone Soup version 0.22-a0-448-g1fb7470 (webtiles) character file.

1428 pk666 the Magician (level 8, -3/41 HPs)
             Began as a Deep Elf Fire Elementalist on June 5, 2018.
             Was an Initiate of Vehumet.
             Slain by an orc warrior
             ... wielding a +0 flail
              (15 damage)
             ... on level 6 of the Dungeon.
             The game lasted 00:19:07 (6700 turns).

pk666 the Magician (Deep Elf Fire Elementalist)     Turns: 6700, Time: 00:19:08

Health: -3/41      AC:  2    Str:  5    XL:     8   Next: 44%
Magic:  21/21      EV: 13    Int: 23    God:    Vehumet [......]
Gold:   229        SH:  0    Dex: 15    Spells: 13/22 levels left

rFire    . . .     SeeInvis .   (no weapon)
rCold    . . .     Gourm    .   (no shield)
rNeg     . . .     Faith    .   a - +0 robe
rPois    .         Spirit   .   (no helmet)
rElec    .         Reflect  .   (no cloak)
rCorr    .         Harm     .   (no gloves)
MR       .....                  (no boots)
Stlth    ++........             (no amulet)
HPRegen  0.13/turn              (no ring)
MPRegen  0.17/turn              (no ring)

@: about to teleport
A: no striking features
a: Renounce Religion


You were on level 6 of the Dungeon.
You worshipped Vehumet.
Vehumet was noncommittal.
You were not hungry.

You visited 2 branches of the dungeon, and saw 8 of its levels.
You also visited: Sewer.

You collected 229 gold pieces.

Inventory:

Armour
 a - a +0 robe (worn)
Jewellery
 m - an uncursed ring of fire
 t - an uncursed ring of fire
Wands
 l - a wand of acid (10)
Scrolls
 f - a scroll of teleportation
 h - 3 scrolls of fear
 i - a scroll of identify
 s - a scroll of remove curse
Potions
 b - a potion of mutation {unknown}
 d - 3 potions of flight
 e - a potion of heal wounds {unknown}
 g - 2 potions of agility
 k - a potion of haste {unknown}
 n - a potion of curing
 o - a potion of degeneration {unknown}
 p - 2 potions of brilliance
 r - a potion of berserk rage {unknown}
Comestibles
 c - 7 rations


   Skills:
 - Level 2.6 Dodging
 - Level 2.4 Stealth
 + Level 7.9 Spellcasting
 + Level 7.4 Conjurations
 + Level 7.0 Fire Magic


You had 13 spell levels left.
You knew the following spells:

 Your Spells              Type           Power        Failure   Level  Hunger
a - Flame Tongue          Conj/Fire      #####        1%          1    None
c - Conjure Flame         Conj/Fire      #####...     1%          3    None
z - Fireball              Conj/Fire      #####.....   10%         5    #####..

Your spell library contained the following spells:

 Spells                   Type           Power        Failure   Level  Hunger
 Throw Flame              Conj/Fire      #####.       1%          2    None
 Sticky Flame             Conj/Fire      #####...     3%          4    ###....
 Inner Flame              Hex/Fire       ####....     4%          3    None


Dungeon Overview and Level Annotations

Branches:
Dungeon (7/15)             Temple (1/1) D:5

Altars:
Ashenzari
Cheibriados
Dithmenos
Elyvilon
Fedhas
Gozag
Hepliaklqana
Kikubaaqudgha
Makhleb
Nemelex Xobeh
Okawaru
Qazlal
Ru
Sif Muna
Trog
Uskayaw
Vehumet
Wu Jian
Xom
Yredelemnul
Zin
The Shining One

Shops:
D:5 %


Message History

Press: ? - help, Dir - move target cursor, p - orc warrior The fire ignites!
The orc warrior hits you with a flail.
Casting: Conjure Flame (safe; 1% risk of failure)
Confirm with . or Enter, or press ? or * to list all spells.
Aiming: Flame Tongue (safe; 1% risk of failure)
Press: ? - help, Shift-Dir - straight line, f - orc warrior
Aim: an orc warrior, wielding a flail and wearing a plate armour The flame tongue misses the orc warrior.
The orc warrior hits you with a flail!
Casting: Flame Tongue (safe; 1% risk of failure)
Confirm with . or Enter, or press ? or * to list all spells.
Aiming: Flame Tongue (safe; 1% risk of failure)
Press: ? - help, Shift-Dir - straight line, f/p - orc warrior
Aim: an orc warrior, wielding a flail and wearing a plate armour The flame tongue hits the orc warrior.
The orc warrior appears unharmed.
The orc warrior hits you with a flail.
* * * LOW HITPOINT WARNING * * *
As you read the scroll of teleportation, it crumbles to dust.
You feel strangely unstable. The orc warrior hits you with a flail!
You die...

######..##...#...#
#o.####.#.### #.[#
#...#
##########..#
##.###
#...).......#
#...#
#.########.##
###.# #.# #.# #o#
#..o.# #o# #.#
.o..o#..# #@# #.#
.### ..## #.# #.#
#.# #.# #.# #. #.#
#.# #. #.# #.# #.
#.# #.# ######.#
#.#
.....#.########.#
#####.(..o.......#


You could see an orc warrior and an orc.

Vanquished Creatures
  Menkaure (D:4)
  Edmund (D:4)
  2 phantoms (D:5)
  2 ogres
  A big kobold (Sewer)
  A scorpion (D:6)
  A bullfrog zombie (D:4)
  A howler monkey (D:6)
  An orc priest (D:6)
  A bullfrog skeleton (D:4)
  A hound (D:5)
  5 orc wizards
  Natasha (D:3)
  5 worker ants
  A hound skeleton (D:6)
  9 adders
  3 gnolls (D:5)
  3 river rats (Sewer)
  A shadow imp (D:6)
  3 oozes
  An adder skeleton (D:5)
  3 worms (D:2)
  A dart slug (D:3)
  3 leopard geckos
  19 orcs
  8 bats
  7 giant cockroaches
  4 goblins
  4 hobgoblins
  6 jackals
  5 quokkas
  2 ball pythons
  6 frilled lizards
  9 kobolds
  A leopard gecko skeleton (D:4)
  A quokka skeleton (D:4)
  8 rats
132 creatures vanquished.

Notes
Turn   | Place    | Note
-------+----------+-------------------------------------------
     0 | D:1      | pk666 the Deep Elf Fire Elementalist began the quest for the Orb.
     0 | D:1      | Reached XP level 1. HP: 10/10 MP: 6/6
   446 | D:1      | Reached XP level 2. HP: 15/15 MP: 6/8
  1233 | D:2      | Reached XP level 3. HP: 4/19 MP: 0/10
  1894 | D:2      | Found an ornate altar of the Wu Jian Council.
  2011 | D:2      | Reached XP level 4. HP: 24/24 MP: 9/11
  2019 | D:2      | Learned a level 3 spell: Conjure Flame
  2617 | D:3      | Found a glowing drain.
  2659 | Sewer    | Entered a sewer
  2682 | Sewer    | Noticed a big kobold
  2689 | Sewer    | Found a white marble altar of Elyvilon.
  2723 | Sewer    | Killed a big kobold
  2723 | Sewer    | Reached XP level 5. HP: 17/28 MP: 4/13
  3068 | D:3      | Noticed Natasha
  3084 | D:3      | Killed Natasha
  3366 | D:3      | Found a glowing golden altar of the Shining One.
  3458 | D:4      | HP: 1/28 [bullfrog zombie (7)]
  3459 | D:4      | Reached XP level 6. HP: 1/32 MP: 6/15
  3747 | D:4      | Reached skill level 5 in Spellcasting
  3931 | D:4      | Reached skill level 5 in Conjurations
  4111 | D:4      | Noticed Menkaure
  4118 | D:4      | Killed Menkaure
  4118 | D:4      | Reached skill level 5 in Fire Magic
  4212 | D:4      | Learned a level 5 spell: Fireball
  4213 | D:4      | Reached XP level 7. HP: 36/36 MP: 14/17
  4435 | D:4      | Noticed Edmund
  4447 | D:4      | Killed Edmund
  4961 | D:5      | Entered Level 5 of the Dungeon
  5208 | D:5      | Reached XP level 8. HP: 15/41 MP: 2/20
  5221 | D:5      | Found a staircase to the Ecumenical Temple.
  5302 | D:5      | HP: 1/41 [adder (5)]
  5576 | D:5      | Found Uliozuath's Food Boutique.
  5604 | Temple   | Entered the Ecumenical Temple
  5782 | Temple   | Became a worshipper of Vehumet
  6603 | D:6      | You fall through a shaft!
  6700 | D:6      | Slain by an orc warrior

Vault maps used:
D:1:      lightli_arrival_quake
D:2:      lemuel_doored_altar, first_ration
D:3:      gup_sewer_entry_bowl, nicolae_tso_swordbearing_angel, uniq_natasha
D:4:      uniq_menkaure, uniq_edmund
D:5:      minmay_temple_entry_glass, serial_shops, nicolae_shop_window_shopping,
          minmay_checkerbox
D:7:      grunt_ogre_cave
Temple:   kilobyte_greek_temple
Sewer:    sewer_kobolds

Skill      XL: |  1  2  3  4  5  6  7  8 |
---------------+-------------------------+-----
Conjurations   | 2 3 4 5 6 7 |  7.4
Spellcasting   | 4 5 7 |  7.9
Fire Magic     | 4 5 6 7 |  7.0
Dodging        | |  2.6
Stealth        | |  2.4

Action                   |  1- 3 |  4- 6 |  7- 9 || total
-------------------------+-------+-------+-------++-------
Melee: Unarmed           |       |       |     3 ||     3
 Cast: Flame Tongue      |    63 |   116 |   174 ||   353
       Conjure Flame     |       |     1 |    10 ||    11
  Use: Scroll            |       |     7 |     8 ||    15
       Potion            |       |       |     4 ||     4
  Eat: Chunk             |     3 |     7 |     7 ||    17
Armor: Robe              |     6 |     6 |     5 ||    17
Dodge: Dodged            |    18 |    43 |    49 ||   110

Table legend:
 A = Spawn XP
 B = Non-spawn XP
 C = Spawn XP percentage of total XP
 D = Spawn monster count
 E = Non-spawn monster count
 F = Spawn count percentage of total count
 G = Total turns spent on level
                    A         B        C        D         E        F      G
               +---------+---------+-------+---------+---------+-------+---------
         Total |       0 |    2040 |   0.0 |       0 |     132 |   0.0 |  6700
               +---------+---------+-------+---------+---------+-------+---------
           D:1 |       0 |      18 |   0.0 |       0 |      11 |   0.0 |   935
           D:2 |       0 |      86 |   0.0 |       0 |      21 |   0.0 |  1420
           D:3 |       0 |     124 |   0.0 |       0 |      23 |   0.0 |   820
           D:4 |       0 |     707 |   0.0 |       0 |      25 |   0.0 |  1595
           D:5 |       0 |     719 |   0.0 |       0 |      34 |   0.0 |   831
           D:6 |       0 |     205 |   0.0 |       0 |       7 |   0.0 |   468
        Temple |       0 |      35 |   0.0 |       0 |       2 |   0.0 |   353
         Sewer |       0 |     146 |   0.0 |       0 |       9 |   0.0 |   269
               +---------+---------+-------+---------+---------+-------+---------
